 Dungeon Crawl Stone Soup version 0.30.1-11-g7821555f0a (webtiles) character file.

Game seed: 4660222504982104648

264 pkoi the Conjurer (level 5, -1/38 HPs)
             Began as a Draconian Conjurer on Nov 10, 2023.
             Splashed by a jelly's acid (8 damage)
             ... in a sewer.
             The game lasted 00:05:21 (4768 turns).

pkoi the Conjurer (Draconian Conjurer)              Turns: 4768, Time: 00:05:22

Health: -1/38      AC: -6    Str: 16    XL:     5   Next: 98%
Magic:  1/9        EV: 12    Int: 20    God:
Gold:   150        SH:  0    Dex:  9    Spells: 2/10 levels left

rFire   . . .        n - +3 whip (flame)
rCold   . . .        (no shield)
rNeg    . . .        (body armour unavailable)
rPois   .            (helmet restricted)
rElec   .            (no cloak)
rCorr   .            (no gloves)
SInv    .            h - +0 pair of boots
Will    .....        (no amulet)
Stlth   ++           e - +6 ring of strength
HPRegen 0.26/turn    (no ring)
MPRegen 0.11/turn

%: no passive effects
@: corroded
A: AC +5, unfitting armour, cold-blooded
a: no special abilities


You were in a sewer.
You visited 1 branch of the dungeon, and saw 3 of its levels.
You also visited: Sewer.

You collected 150 gold pieces.

Inventory:

Hand Weapons
 c - a +1 whip
 g - a +0 short sword
 n - a +3 whip of flaming (weapon)
Armour
 h - a +0 pair of boots (worn)
Jewellery
 d - an amulet of guardian spirit
 e - a +6 ring of strength (left hand)
 f - a ring of poison resistance
Scrolls
 l - a scroll of enchant weapon
 o - a scroll of fear {unknown}
Potions
 a - 5 potions of magic
 b - 2 potions of berserk rage {unknown}
 i - a potion of attraction {unknown}
 j - a potion of curing {unknown}
 k - a potion of heal wounds {unknown}
 m - a potion of flight {unknown}


   Skills:
 - Level 1.7 Dodging
 - Level 1.7 Stealth
 - Level 3.0 Spellcasting
 + Level 6.0 Conjurations
 + Level 2.9 Translocations


You had 2 spell levels left.
You knew the following spells:

 Your Spells              Type           Power      Damage    Failure   Level
a - Magic Dart            Conj           100%       1d8       1%          1
b - Searing Ray           Conj           54%        2d6       1%          2
c - Iskenderun's Mystic   Conj/Tloc      20%        2d6       22%         4
d - Apportation           Tloc           28%        N/A       4%          1

Your spell library contained the following spells:

 Spells                   Type           Power      Damage    Failure   Level
 Dazzling Flash           Conj/Hex       30%        N/A       12%         3
 Fulminant Prism          Conj/Hex       7%         3d7       38%         4
 Alistair's Intoxication  Tmut/Pois      2%         N/A       98%         5


Dungeon Overview and Level Annotations

Branches:
Dungeon (3/15)              Sewer (1/1)

Altars:
Dithmenos
Ru


Innate Abilities, Weirdness & Mutations

Your plain brown scales are hard. (AC +5)
You cannot fit into any form of body armour.
You are cold-blooded and may be slowed by cold attacks.


Message History

The magic dart hits the jelly!
You kill the jelly!
Your Conjurations skill increases to level 6!
The magic dart hits the endoplasm.
The endoplasm is lightly wounded.
The magic dart hits the endoplasm.
The endoplasm is almost dead.
The endoplasm closely misses you.
The magic dart hits the endoplasm.
You kill the endoplasm!
The magic dart hits the endoplasm.
The endoplasm is heavily wounded.
The endoplasm hits you but does no damage.
The magic dart hits the endoplasm!
You kill the endoplasm!
You can't see any susceptible monsters within range! (Use Z to cast anyway.)
You start resting.
A jelly comes into view.
A jelly is nearby!
A jelly is nearby!
The magic dart hits the jelly.
The jelly is moderately wounded.
The jelly quivers.
You are out of magic!
You are out of magic!
The jelly misses you.
You barely miss the jelly.
The jelly is moderately wounded.
The jelly hits you. The acid corrodes you!
You are splashed with acid!
You hit the jelly but do no damage. The acid corrodes you!
Your hands burn!
The jelly is moderately wounded.
The jelly hits you. The acid corrodes you!
You are splashed with acid!
You hit the jelly. You burn the jelly. The acid corrodes you!
Your hands burn!
* * * LOW HITPOINT WARNING * * *
You tail-slap the jelly, but do no damage.
The jelly is heavily wounded.
The jelly hits you.
* * * LOW HITPOINT WARNING * * *
You are splashed with acid!
You die...

##~~~~ #### #~~~#
##.~.####~.######
#...~~##~.~#~.~~##
#.~~#.~~.~.~~∩##
#...~~~~.##.~.# ~
##~.÷÷.~~~##..# .~.
#~~~~##~..#~.##.....
##...~~##.##@J.†~~#
##~~.~~~~###...~..##
###~.~.##~.~~~.~.####
##.~.~~## #.~~~~.##
#~.~~~## ##~.####
#~~.### #.~# #.†##
~~~~# ~~.# ~~. .~##


You could see a jelly.

Vanquished Creatures
  2 jellies (Sewer)
  A sleepcap (D:3)
  Robin (D:2)
  4 adders
  2 worms
  4 dart slugs
  3 orcs (D:3)
  10 ball pythons
  5 bats
  11 endoplasms
  10 giant cockroaches
  13 goblins
  10 hobgoblins
  3 jackals (D:1)
  8 kobolds
  5 quokkas
  10 frilled lizards
  8 rats
110 creatures vanquished.

Notes
Turn   | Place    | Note
-------+----------+-------------------------------------------
     0 | D:1      | pkoi the Draconian Conjurer began the quest for the Orb.
     0 | D:1      | Reached XP level 1. HP: 14/14 MP: 3/3
   171 | D:1      | Reached XP level 2. HP: 19/20 MP: 1/5
   765 | D:1      | Reached XP level 3. HP: 19/26 MP: 4/7
  1774 | D:2      | Reached skill level 5 in Conjurations
  2099 | D:2      | Noticed Robin
  2121 | D:2      | Reached XP level 4. HP: 33/33 MP: 5/8
  2204 | D:1      | Learned a level 2 spell: Searing Ray
  2209 | D:1      | Learned a level 4 spell: Iskenderun's Mystic Blast
  2326 | D:2      | Learned a level 1 spell: Apportation
  3004 | D:2      | Killed Robin
  3414 | D:3      | Reached skill level 1 in Translocations
  3542 | D:3      | Found a shadowy altar of Dithmenos.
  3592 | D:3      | Found a sacrificial altar of Ru.
  3808 | D:3      | Reached XP level 5. HP: 6/38 MP: 3/9
  4002 | D:3      | Found a glowing drain.
  4031 | Sewer    | Entered a sewer
  4755 | Sewer    | Reached skill level 6 in Conjurations
  4768 | Sewer    | Splashed by a jelly's acid

Illustrated notes

Levels and vault maps discovered:
D:1:      wheals_arrival_linesprint, layout_basic, minmay_parallelograms
D:2:      layout_loops_ring, chequers_garden, nrook_campfire,
          minmay_misc_feat_plants, st_stairs_13, minivault_26, uniq_robin
D:3:      layout_loops_corners, nicolae_dithmenos_the_darkroom,
          nicolae_ru_awakened_eye, portal_sewer_entry_f
Sewer:    sewer_hellmonk_slimy_pipes

Skill      XL: |  1  2  3  4  5 |
---------------+----------------+-----
Spellcasting   | 3 |  3.0
Conjurations   | 5 6 |  6.0
Translocations | 1 2 |  2.9
Dodging        | |  1.7
Stealth        | |  1.7

Action                     |  1- 3 |  4- 6 || total
---------------------------+-------+-------++-------
  Melee: Whip              |    40 |    36 ||    76
         Tailslap          |     7 |     6 ||    13
   Cast: Magic Dart        |    80 |   122 ||   202
         Searing Ray       |       |     2 ||     2
    Use: Scroll            |     2 |     1 ||     3
 Armour: Skin              |    26 |    11 ||    37
  Dodge: Dodged            |    37 |    29 ||    66
